 Dungeon Crawl Stone Soup version 0.23.0 (webtiles) character file.

Game seed: 3831360304574108429

79 Lanoc the Skirmisher (level 4, 0/35 HPs)
             Began as a Demonspawn Monk on Feb 10, 2019.
             Succumbed to an adder's poison
             ... on level 2 of the Dungeon.
             The game lasted 00:02:39 (1122 turns).

Lanoc the Skirmisher (Demonspawn Monk)              Turns: 1122, Time: 00:02:39

Health: 0/35       AC:  2    Str: 12    XL:     4   Next: 17%
Magic:  4/4        EV: 13    Int: 14    God:
Gold:   109        SH:  0    Dex: 15    Spells: 3/3 levels left

rFire    . . .     SeeInvis .   a - +0 falchion
rCold    . . .     Gourm    .   (no shield)
rNeg     . . .     Faith    .   b - +0 robe
rPois    .         Spirit   .   (helmet restricted)
rElec    .         Reflect  .   (no cloak)
rCorr    .         Harm     .   (no gloves)
MR       .....                  (no boots)
Stlth    ++........             (no amulet)
HPRegen  0.11/turn              l - -3 ring of intelligence (curse)
MPRegen  0.09/turn              (no ring)

@: brilliant, lethally poisoned (0 -> -3), very slightly contaminated, invisible
A: antennae 1, mutation resistance 1, powered by death 1
a: no special abilities


You were on level 2 of the Dungeon.
You were not hungry.

You visited 1 branch of the dungeon, and saw 2 of its levels.

You collected 109 gold pieces.

Inventory:

Hand Weapons
 a - a +0 falchion (weapon)
Armour
 b - a +0 robe (worn)
Jewellery
 l - a cursed -3 ring of intelligence (left hand)
Scrolls
 f - a scroll of enchant armour {unknown}
Potions
 k - a potion of flight
 m - a potion of invisibility
Comestibles
 c - 2 rations
 d - 15 chunks of flesh


   Skills:
 + Level 3.5 Fighting
 * Level 3.3 Long Blades
 + Level 1.4 Armour
 + Level 3.2 Dodging
 - Level 1.7 Stealth


You had 3 spell levels left.
You didn't know any spells.
Your spell library was empty.

Dungeon Overview and Level Annotations

Branches:
Dungeon (2/15)

Altars:


Innate Abilities, Weirdness & Mutations

You have a pair of small antennae on your head.
You regenerate a little health from kills.
You are somewhat resistant to further mutation.


Message History

It was a potion of magic.
Magic courses through your body. The adder misses you.
You riposte.
You strike the helpless adder from behind!
You hit the adder.
You kill the adder!
You feel sick.
The kobold throws a stone.
The stone hits you.
* * * LOW HITPOINT WARNING * * *
You see here 3 stones.
* * * LOW HITPOINT WARNING * * *
You feel sick.
There is a stone staircase leading up here.
It was a potion of brilliance.
You feel clever all of a sudden.
The kobold throws a stone.
* * * LOW HITPOINT WARNING * * *
You feel sick.
You see here a stone.
You miss the kobold. The kobold misses you.
You hit the kobold but do no damage.
You die...

......... ..#.#.#%.
#........ #.#.#.#..
#.......# #....####
#..### #K## ### #@#####
##.. ###<....#########..#
....................#...
#.#.#..####.######....รท#
....... ###.#####.......
#.#.#.. #..............#
....... #.#.#####.......
#.#.#.# #.#.##).)......#
...... #.#.##)####.##..


You could see a kobold.

Vanquished Creatures
  Robin (D:2)
  3 adders (D:2)
  A dart slug (D:1)
  A leopard gecko (D:1)
  A ball python (D:1)
  14 goblins
  6 hobgoblins
  2 bats (D:1)
  2 frilled lizards
  5 kobolds
  A rat (D:2)
37 creatures vanquished.

Notes
Turn   | Place    | Note
-------+----------+-------------------------------------------
     0 | D:1      | Lanoc the Demonspawn Monk began the quest for the Orb.
     0 | D:1      | Reached XP level 1. HP: 18/18 MP: 1/1
   405 | D:1      | Gained mutation: You have a pair of small antennae on your
                  | head. [demonic ancestry]
   405 | D:1      | Reached XP level 2. HP: 23/24 MP: 2/2
   554 | D:1      | Reached skill level 1 in Armour
   982 | D:2      | Gained mutation: You regenerate a little health from kills.
                  | [demonic ancestry]
   982 | D:2      | Reached XP level 3. HP: 23/29 MP: 3/3
   993 | D:2      | Noticed Robin
  1010 | D:2      | Gained mutation: You are somewhat resistant to further
                  | mutation. [potion of mutation]
  1019 | D:2      | Killed Robin
  1044 | D:2      | Reached XP level 4. HP: 25/35 MP: 4/4
  1120 | D:2      | HP: 1/35 [poisoned by an adder]
  1122 | D:2      | Succumbed to an adder's poison

Skill      XL: |  1  2 |
---------------+-------+-----
Dodging        | 3 |  3.2
Armour         | 1 |  1.4
Long Blades    | 3 |  3.3
Fighting       | |  3.5
Stealth        | |  1.7

Action                   |  1- 3 |  4- 6 || total
-------------------------+-------+-------++-------
Melee: Falchion          |    86 |    13 ||    99
  Use: Potion            |     4 |     3 ||     7
       Scroll            |     1 |       ||     1
 Stab: Sleeping          |     1 |       ||     1
       Invisible         |       |     1 ||     1
  Eat: Chunk             |       |     1 ||     1
Armor: Robe              |    18 |     1 ||    19
Dodge: Dodged            |    85 |    17 ||   102
       Rpst.: Falchion   |    26 |     9 ||    35
